 Dungeon Crawl Stone Soup version 0.31.0-32-g396128a36d (webtiles) character file.

Game seed: 4926326396909482333

5112 Szepseg the Spear-Bearer (level 10, -7/53 HPs)
             Began as a Vine Stalker Brigand on Mar 8, 2024.
             Was a Priest of Okawaru.
             Mangled by a hornet (8 damage)
             ... on level 8 of the Dungeon.
             The game lasted 00:14:53 (7302 turns).

Szepseg the Spear-Bearer (Vine Stalker Brigand)     Turns: 7302, Time: 00:14:53

Health: -7/53      AC: 10    Str: 21    XL:     10   Next: 57%
Magic:  0/16       EV: 14    Int: 11    God:    Okawaru [***...]
Gold:   408        SH:  0    Dex: 19    Spells: 9/9 levels left

rFire   . . .        c - +8 trident of the Octopus King {venom, rElec rPois}
rCold   + . .        (no shield)
rNeg    . . .        y - +2 leather armour {rC+}
rPois   +            k - +2 helmet
rElec   +            A - +1 cloak {Stlth+}
rCorr   .            (no gloves)
SInv    +            (no boots)
Will    +....        (no amulet)
Stlth   ++++         S - +6 ring of strength
HPRegen 1.08/turn    v - ring of see invisible
MPRegen 0.15/turn

%: guardian spirit
@: lethally poisoned (-7 -> -7), about to teleport
A: fangs 3, regeneration 1, magic shield, antimagic bite, no potion heal 2
a: Renounce Religion, Heroism


You were on level 8 of the Dungeon.
You worshipped Okawaru.
Okawaru was most pleased with you.
You visited 1 branch of the dungeon, and saw 8 of its levels.
You also visited: Bailey.

You collected 436 gold pieces.
You spent 28 gold pieces at shops.


Innate Abilities, Weirdness & Mutations

You have razor-sharp teeth.
Your natural rate of healing is unusually fast.
When hurt, damage is shared between your health and your magic reserves.
Your bite disrupts and absorbs the magic of your enemies.
Potions cannot restore your health.


   Skills:
 - Level 6.0 Fighting
 - Level 2.3 Short Blades
 + Level 9.5 Polearms
 - Level 1.7 Throwing
 - Level 5.0 Dodging
 - Level 4.8 Stealth
 - Level 7.0 Invocations


You had 9 spell levels left.
You didn't know any spells.
Your spell library contained the following spells:

 Spells                   Type           Power      Damage    Failure   Level
 Blink                    Tloc           0%         N/A       52%         2
 Lesser Beckoning         Tloc           0%         N/A       52%         2
 Momentum Strike          Conj/Tloc      0%         3d8       52%         2
 Fugue of the Fallen      Necr           0%         N/A       77%         3
 Ozocubu's Armour         Ice            0%         N/A       77%         3
 Manifold Assault         Tloc           0%         N/A       99%         4
 Passage of Golubria      Tloc           0%         N/A       99%         4
 Yara's Violent Unravell  Hex/Alch       0%         3d3       100%        5
 Tukima's Dance           Hex            Unusable   N/A       N/A         3

Inventory:

Hand Weapons
 c - the +8 trident of the Octopus King (weapon) {venom, rElec rPois}
   (You found it on level 6 of the Dungeon)

   rElec:     It insulates you from electricity.
   rPois:     It protects you from poison
Missiles
 d - 23 poisoned darts
 e - 3 curare-tipped darts (quivered) {=f}
 o - 2 throwing nets {=f}
Armour
 k - a +2 helmet (worn)
 y - a +2 leather armour of cold resistance (worn)
 A - a +1 cloak of stealth (worn)
Jewellery
 s - a +6 ring of strength
 v - a ring of see invisible (right hand)
 S - a +6 ring of strength (left hand)
Wands
 b - a wand of iceblast (9)
 p - a wand of flame (8)
Scrolls
 a - a scroll of noise {unknown}
 g - a scroll of blinking {unknown}
 l - a scroll of teleportation {@r2}
 m - 3 scrolls of fear {unknown}
 q - 2 scrolls of amnesia
 r - 7 scrolls of enchant armour
 D - a scroll of vulnerability {unknown}
 G - 4 scrolls of enchant weapon
 H - a scroll of brand weapon
 I - a scroll of revelation {unknown}
Potions
 f - 2 potions of curing {@q1}
 h - 3 potions of mutation
 j - 6 potions of haste {@q3}
 t - 2 potions of attraction
 u - 4 potions of heal wounds {@q2}
 w - 2 potions of magic
 x - 2 potions of enlightenment
 z - 5 potions of might
 B - a potion of brilliance {unknown}
 E - 3 potions of cancellation
 F - 2 potions of resistance {unknown}
 J - a potion of degeneration {unknown}

Dungeon Overview and Level Annotations

Branches:
Dungeon (8/15)             Temple (0/1) D:5          Bailey (visited)
   Lair: D:8-11

Altars:
Ashenzari
Gozag
Okawaru
Qazlal
Ru
Trog
Uskayaw
Vehumet
Yredelemnul
The Shining One

Shops:
D:2 ?   D:8 *

Annotations:
D:3 1 runed translucent door, exclusions: moth of wrath and 1 more exclusion, Poisondrake's ghost, amateur DgCj

.### #######...####.###.##
## #.....#.............#
#.....#......†...#
########.....#..........#..
......##.....#..............
......##.....###.Y......##.#
......##.....###YcY.....#
......'.........y########
......##.....###@#
......##.....# ###
~.....##.....#
......######## ......#
......# #######


You could see 2 yaks, a hornet and a centaur.


Message History

The centaur barely misses you.
The hornet stings you but does no damage.
The yak attacks as it pursues you! The yak misses you.
The yak attacks as it pursues you! The yak gores you but does no damage.
The centaur closely misses you. The centaur kicks you.
* * * LOW HITPOINT WARNING * * *
The hornet stings you but does no damage.
The yak completely misses you. The yak misses you.
You feel very sick.
The centaur wields a +3 orcbow.
The centaur shoots an arrow.
The arrow completely misses you.
The centaur shoots an arrow.
The arrow hits you!
* * * LOW HITPOINT WARNING * * *
The yak attacks as it pursues you! The yak gores you.
* * * LOW HITPOINT WARNING * * *
The hornet stings you but does no damage.
You feel yourself speed up.
You feel sick. The hornet barely misses you. The yak gores you!
* * * LOW HITPOINT WARNING * * *
The yak gores you but does no damage.
Unknown command.
You feel sick. The hornet barely misses you.
As you read the scroll of teleportation {@r2}, it crumbles to dust.
You feel strangely unstable.
You feel sick.
The hornet stings you but does no damage.
The yak barely misses you.
Unknown command.
You feel sick. The hornet attacks as it pursues you!
The hornet closely misses you. The hornet stings you!
You die...

Skill      XL: |  1  2  3  4  5  6  7  8  9 10 |
---------------+-------------------------------+-----
Fighting       | 2 3 4 6 |  6.0
Short Blades   | 2 |  2.3
Polearms       | 1 2 4 5 7 9 |  9.5
Invocations    | 4 6 7 |  7.0
Dodging        | 1 4 5 |  5.0
Throwing       | |  1.7
Stealth        | |  4.8

Action                     |  1- 3 |  4- 6 |  7- 9 | 10-12 || total
---------------------------+-------+-------+-------+-------++-------
  Melee: Dagger            |    75 |       |       |       ||    75
         Bite              |    23 |    26 |    71 |    15 ||   135
         Punch             |     1 |     1 |     4 |       ||     6
         Spear             |     5 |   137 |   212 |       ||   354
         Trident           |       |       |   113 |    98 ||   211
  Throw: Dart              |     2 |       |     1 |       ||     3
  Evoke: Wand              |       |       |     1 |       ||     1
    Use: Scroll            |       |     5 |     6 |     4 ||    15
   Stab: Sleeping          |     6 |     8 |    10 |     6 ||    30
         Distracted        |       |     1 |     1 |     1 ||     3
 Armour: Robe              |    14 |       |       |       ||    14
         Ring mail         |    26 |    80 |    62 |       ||   168
         Leather armour    |       |       |    87 |    58 ||   145
  Dodge: Dodged            |    33 |    31 |   144 |    58 ||   266

Levels and vault maps discovered:
D:1:      mainiacjoe_arrival_oval_in_oval, layout_loops_ring,
          shapermc_ecumenical_altar_acropolis
D:2:      layout_loops_ring, serial_shops, shop, uniq_terence, uniq_robin
D:3:      layout_loops_cross, tgw_trog, hellmonk_ghost_happy_afterlife
D:4:      layout_loops_ring, chequers_big_river, serial_park_tiny_pond
D:5:      layout_basic, mainiacjoe_overflow_boulevard,
          minmay_temple_entry_fiery, serial_glass, glass_columns_c,
          glass_columns_b, nicolae_grassy_gnolls, uniq_edmund,
          uniq_crazy_yiuf_cottage, uniq_duvessa
D:6:      layout_layer_cave, lemuel_zombie_altar_yredelemnul,
          chequers_temple_overflow_minitemple, minmay_crystal_room
D:7:      layout_basic, tso_metal_star, nicolae_qazlal_scattered_showers,
          enter_bailey_3, uniq_prince_ribbit1, uniq_menkaure
D:8:      layout_basic, lemuel_doored_altar, nicolae_transmutations_shop

Notes
Turn   | Place    | Note
-------+----------+-------------------------------------------
     0 | D:1      | Szepseg the Vine Stalker Brigand began the quest for the
                  | Orb.
     0 | D:1      | Reached XP level 1. HP: 11/11 MP: 2/2
    56 | D:1      | Reached skill level 2 in Fighting
    69 | D:1      | Reached XP level 2. HP: 16/16 MP: 3/3
   212 | D:1      | Found a faded altar of an unknown god.
   289 | D:1      | Reached skill level 3 in Fighting
   439 | D:1      | Reached skill level 2 in Short Blades
   439 | D:1      | Reached XP level 3. HP: 19/20 MP: 4/4
   868 | D:2      | Noticed Terence
   875 | D:2      | Killed Terence
   876 | D:2      | Reached skill level 1 in Polearms
   876 | D:2      | Reached XP level 4. HP: 24/24 MP: 3/5
   926 | D:2      | Reached skill level 2 in Polearms
   941 | D:2      | Noticed Robin
   967 | D:2      | Killed Robin
   972 | D:2      | Reached XP level 5. HP: 24/28 MP: 6/6
  1074 | D:2      | Reached skill level 3 in Polearms
  1184 | D:2      | Found Zuracer's Magic Scroll Boutique.
  1196 | D:2      | Bought a scroll of identify for 28 gold pieces
  1579 | D:3      | Noticed Poisondrake's ghost (amateur DgCj)
  1694 | D:3      | Found a runed translucent door.
  1764 | D:3      | You fall into a shaft and drop 3 floors!
  1781 | D:6      | Reached skill level 4 in Polearms
  1781 | D:6      | Reached XP level 6. HP: 31/32 MP: 7/7
  1794 | D:6      | Noticed a sky beast
  1960 | D:5      | Entered Level 5 of the Dungeon
  2117 | D:3      | Noticed a moth of wrath
  2119 | D:3      | Found a bloodstained altar of Trog.
  2362 | D:3      | Identified the +6 sling "Grom" {heavy, rC+ rN+ Int-2}
  2537 | D:4      | Reached skill level 5 in Polearms
  2615 | D:4      | Reached XP level 7. HP: 34/36 MP: 6/8
  2776 | D:4      | Reached skill level 6 in Polearms
  3366 | D:5      | Noticed Edmund
  3699 | D:5      | Reached skill level 7 in Polearms
  3754 | D:5      | Noticed Duvessa
  3755 | D:5      | Noticed Dowan
  3783 | D:5      | Killed Duvessa
  3784 | D:5      | Reached skill level 4 in Fighting
  3784 | D:5      | Gained mutation: You have razor-sharp teeth. [Vine Stalker
                  | growth]
  3784 | D:5      | Reached XP level 8. HP: 25/42 MP: 9/9
  3784 | D:5      | Killed Dowan
  3918 | D:5      | Reached skill level 5 in Fighting
  4098 | D:5      | Killed Edmund
  4139 | D:5      | Found an iron altar of Okawaru.
  4166 | D:5      | Became a worshipper of Warmaster Okawaru
  4184 | D:5      | Reached skill level 6 in Fighting
  4281 | D:5      | Reached skill level 2 in Invocations
  4355 | D:5      | Reached skill level 3 in Invocations
  4434 | D:5      | Found a staircase to the Ecumenical Temple.
  4595 | D:5      | Found a runed translucent door.
  4596 | D:5      | Noticed Crazy Yiuf
  4637 | D:5      | Killed Crazy Yiuf
  4696 | D:6      | Reached skill level 1 in Dodging
  4851 | D:6      | Reached skill level 4 in Invocations
  4851 | D:6      | Reached XP level 9. HP: 44/48 MP: 10/13
  4879 | D:6      | Reached * piety under Okawaru
  4880 | D:6      | Reached skill level 2 in Dodging
  5447 | D:6      | Found a radiant altar of Vehumet.
  5447 | D:6      | Found an opulent altar of Gozag.
  5450 | D:6      | Found the +8 trident of the Octopus King {venom, rElec
                  | rPois}
  5455 | D:6      | Found a hide-covered altar of Uskayaw.
  5457 | D:6      | Found a sacrificial altar of Ru.
  5459 | D:6      | Found a faded altar of an unknown god.
  5535 | D:6      | Reached skill level 5 in Invocations
  5542 | D:6      | Found a basalt altar of Yredelemnul.
  5887 | D:7      | Reached skill level 3 in Dodging
  5891 | D:7      | Found a stormy altar of Qazlal.
  5938 | D:7      | Found a glowing golden altar of the Shining One.
  5981 | D:7      | Identified the ring of the Ferocious Orange {*Corrode rC+
                  | rN+ Str+6}
  6112 | D:7      | Noticed Prince Ribbit
  6127 | D:7      | Killed Prince Ribbit
  6127 | D:7      | Reached ** piety under Okawaru
  6230 | D:7      | Found a flagged portal.
  6246 | Bailey   | Entered a bailey
  6278 | Bailey   | Reached skill level 4 in Dodging
  6278 | Bailey   | Reached skill level 6 in Invocations
  6466 | Bailey   | Identified a +0 crystal plate armour
  6494 | Bailey   | Reached XP level 10. HP: 38/53 MP: 8/15
  6501 | Bailey   | Reached skill level 8 in Polearms
  6654 | D:7      | Noticed Menkaure
  6659 | D:7      | Killed Menkaure
  6706 | D:7      | Reached skill level 7 in Invocations
  6717 | D:7      | Reached skill level 5 in Dodging
  6968 | D:7      | Reached *** piety under Okawaru
  7077 | D:7      | Reached skill level 9 in Polearms
  7192 | D:8      | Found a broken altar of Ashenzari.
  7198 | D:8      | Found Exaletah's Changing Room.
  7298 | D:8      | HP: 5/53 [yak (4)]
  7299 | D:8      | HP: 1/53 [yak (4)]
  7302 | D:8      | Mangled by a hornet

Vanquished Creatures
  A hornet (D:7)
  Prince Ribbit (D:7)
  2 yaks (D:8)
  Menkaure (D:7)
  Edmund (D:5)
  Duvessa (D:5)
  A water moccasin (D:7)
  10 orc warriors (Bailey)
  An ice beast (D:7)
  3 sky beasts
  2 ogres
  3 centaurs
  2 phantoms
  A kobold brigand (D:7)
  2 bullfrogs (D:7)
  5 scorpions
  2 gnoll sergeants
  3 wights (D:6)
  Dowan (D:5)
  2 howler monkeys
  A bullfrog zombie (D:6)
  5 hounds
  2 jellies
  Crazy Yiuf (D:5)
  2 orc priests (D:7)
  3 gnoll boudas
  4 iguanas
  8 orc wizards
  A sleepcap (D:8)
  Terence (D:2)
  A howler monkey zombie (D:6)
  Robin (D:2)
  20 gnolls
  7 adders
  4 shadow imps
  2 ufetubi (D:5)
  6 dart slugs
  4 ribbon worms
  34 orcs
  6 ball pythons
  6 endoplasms
  A giant cockroach (D:1)
  16 goblins
  5 hobgoblins
  4 jackals (D:1)
  2 quokkas (D:2)
  5 bats
  4 frilled lizards
  8 kobolds
  6 rats
215 creatures vanquished.

Table legend: (Time is in decaauts)
 A = Elapsed time spent in this place.
 B = Non-inter-level travel time spent in this place.
 C = Inter-level travel time spent in this place.
 D = Time resting spent in this place.
 E = Time spent auto-exploring this place.
 F = Levels seen in this place.
 G = Mean time per level.
                   A        B        C        D        E       F      G
               +--------+--------+--------+--------+--------+-----+--------+
         Total |   7223 |   6992 |    231 |    306 |   4914 |   9 |  802.6 |
       Dungeon |   6855 |   6624 |    231 |    248 |   4752 |   8 |  856.9 |
        Bailey |    367 |    367 |      0 |     58 |    162 |   1 |  367.0 |
               +--------+--------+--------+--------+--------+-----+--------+

Top non-repeatable levels by time:
     D:6: 1359 daAuts
     D:5: 1219 daAuts
     D:4: 957 daAuts
     D:7: 912 daAuts
     D:2: 889 daAuts
     D:3: 696 daAuts
     D:1: 675 daAuts
  Bailey: 367 daAuts
     D:8: 145 daAuts

Table legend:
 A = Non-vault XP
 B = Vault XP
 C = Vault XP percentage of total XP
 D = Non-vault monster count
 E = Vault monster count
 F = Vault count percentage of total count
                 A         B        C        D         E       F
            +---------+---------+-------+---------+---------+-------
      Total |    4712 |    2591 |  35.5 |     152 |      63 |  29.3
            +---------+---------+-------+---------+---------+-------
        D:1 |      43 |       0 |   0.0 |      21 |       0 |   0.0
        D:2 |     167 |      65 |  28.0 |      28 |      12 |  30.0
        D:3 |      14 |       8 |  36.4 |       7 |       5 |  41.7
        D:4 |     380 |       0 |   0.0 |      16 |       0 |   0.0
        D:5 |     840 |     625 |  42.7 |      26 |      11 |  29.7
        D:6 |     774 |      63 |   7.5 |      11 |       2 |  15.4
        D:7 |    1853 |     457 |  19.8 |      34 |       6 |  15.0
        D:8 |     641 |       0 |   0.0 |       9 |       0 |   0.0
     Bailey |       0 |    1373 | 100.0 |       0 |      27 | 100.0
            +---------+---------+-------+---------+---------+-------
